 Dungeon Crawl Stone Soup version 0.30.1-9-gdf580d7c3d (webtiles) character file.

Game seed: 1536559669617480319

604 ChiefBigBeans the Trooper (level 7, -4/64 HPs)
             Began as a Hill Orc Fighter on Sept 26, 2023.
             Was a Follower of Beogh.
             Slain by Duvessa
             ... wielding a +0 short sword
              (7 damage)
             ... on level 4 of the Dungeon.
             The game lasted 00:09:41 (3528 turns).

ChiefBigBeans the Trooper (Hill Orc Fighter)        Turns: 3528, Time: 00:09:42

Health: -4/64      AC:  0    Str: 21    XL:     7   Next: 42%
Magic:  7/7        EV: 17    Int:  8    God:    Beogh [*.....]
Gold:   9          SH:  0    Dex: 15    Spells: 6/6 levels left

rFire   . . .        a - melded +1 war axe
rCold   . . .        c - melded +0 buckler
rNeg    . . .        h - melded +0 plate armour
rPois   .            g - melded +1 helmet
rElec   .            l - melded +1 cloak {rPois}
rCorr   .            (gloves currently unavailable)
SInv    .            (boots currently unavailable)
Will    .....        (no amulet)
Stlth   +            n - melded +5 ring of evasion
HPRegen 0.30/turn    (ring currently unavailable)
MPRegen 0.10/turn

%: no passive effects
@: bat-form, flying, very quick
A: fast, flying, no casting, tiny
a: Renounce Religion


You were on level 4 of the Dungeon.
You worshipped Beogh.
Beogh was aware of your devotion.
You were a bat.
You visited 1 branch of the dungeon, and saw 4 of its levels.
You also visited: Sewer.

You collected 139 gold pieces.
You spent 130 gold pieces at shops.

Inventory:

Hand Weapons
 a - a +1 war axe (melded)
 k - a +4 quarterstaff of chaos
Armour
 c - a +0 buckler (melded)
 g - a +1 helmet (melded)
 h - a +0 plate armour (melded)
 l - a +1 cloak of poison resistance (melded)
Jewellery
 n - a +5 ring of evasion (melded)
Wands
 b - a wand of polymorph (3)
 j - a wand of paralysis (4)
Scrolls
 e - 6 scrolls of identify
 f - 2 scrolls of teleportation
 m - a scroll of fear
 r - a scroll of enchant weapon
Potions
 d - 2 potions of might
 i - 2 potions of curing
 o - 2 potions of mutation
 p - 2 potions of invisibility
 q - 2 potions of haste


   Skills:
 + Level 6.5 Fighting
 + Level 6.3 Axes
 - Level 3.4 Armour
 + Level 5.8 Shields


You had 6 spell levels left.
You didn't know any spells.
Your spell library contained the following spells:

 Spells                   Type           Power      Damage    Failure   Level
 Dazzling Flash           Conj/Hex       0%         N/A       78%         3
 Passage of Golubria      Tloc           0%         N/A       99%         4
 Agony                    Necr           0%         N/A       100%        5
 Silence                  Hex/Air        0%         N/A       100%        5
 Lehudib's Crystal Spear  Conj/Erth      0%         10d2      100%        8


Dungeon Overview and Level Annotations

Branches:
Dungeon (4/15)              Sewer (visited)
 Temple: D:4-7

Altars:
Ashenzari
Wu Jian

Shops:
D:4 *

Annotations:
D:4 Dowan, Duvessa


Message History

n - a +5 ring of evasion (left hand)
There is an open door here.
Dowan, Brother of Duvessa comes into view.
He is wielding a +0 dagger and carrying a wand of quicksilver (7).
Dowan casts a spell at you. The puff of flame hits you!
Dowan gestures at something while chanting.
Duvessa, Sister of Dowan comes into view.
She is wielding a +0 short sword, wearing a +2 leather armour of poison resistance and carrying a wand of polymorph (14).
Duvessa shouts!
You block Dowan's attack.
You completely miss Dowan. You slash Duvessa!
Duvessa is moderately wounded.
You barely miss Dowan. Duvessa hits you but does no damage.
Dowan zaps a wand.
The bolt of dispelling energy hits you!
You slash Duvessa!
Duvessa is heavily wounded.
You closely miss Dowan. Duvessa hits you but does no damage.
Dowan zaps a wand.
The bolt of dispelling energy hits you!
Duvessa zaps a wand.
You resist with some effort.
You are too injured to fight recklessly!
You are too injured to fight recklessly!
You slash Duvessa!
Duvessa is almost dead.
You closely miss Dowan.
Duvessa zaps a wand.
You turn into a bat.
Your +1 war axe melds into your body.
Your +1 cloak of poison resistance melds into your body.
Your +1 helmet melds into your body.
Your +0 buckler melds into your body.
Your +0 plate armour melds into your body.
Your +5 ring of evasion melds into your body.
You no longer feel resistant to poison.
Dowan hits you with a +0 dagger. Duvessa hits you with a +0 short sword!
* * * LOW HITPOINT WARNING * * *
You hit Duvessa.
Duvessa is almost dead.
Dowan completely misses you. Duvessa hits you with a +0 short sword!
* * * LOW HITPOINT WARNING * * *
You hit Duvessa but do no damage.
Duvessa is almost dead.
Duvessa hits you with a +0 short sword!
You die...

#..# ##..# . ...##
.. #...# ...
##...##...
#######........
......ee...#
##b...#
#.....#######
#......#....#
......#...###.#
.......#...#∩'.#
........#...#######
........#.........#
........#.........#
### ....
#......#### #).


You could see Duvessa (fast) and Dowan.

Vanquished Creatures
  Sigmund (D:3)
  Pargi (Sewer)
  A phantom (D:4)
  Crazy Yiuf (D:4)
  An iguana (D:4)
  2 orc wizards (D:3)
  3 adders
  A gnoll (D:1)
  A white imp (D:4)
  An ufetubus (D:4)
  A worm (D:3)
  2 dart slugs
  6 orcs (D:3)
  6 ball pythons
  5 bats
  4 endoplasms
  17 giant cockroaches
  3 goblins
  7 hobgoblins
  14 jackals
  4 quokkas
  8 frilled lizards
  11 kobolds
  8 rats
109 creatures vanquished.

Vanquished Creatures (others)
  An orc (D:3)
1 creature vanquished.

Grand Total: 110 creatures vanquished

Notes
Turn   | Place    | Note
-------+----------+-------------------------------------------
     0 | D:1      | ChiefBigBeans the Hill Orc Fighter began the quest for the
                  | Orb.
     0 | D:1      | Reached XP level 1. HP: 19/19 MP: 1/1
   107 | D:1      | Reached XP level 2. HP: 17/27 MP: 2/2
   249 | D:1      | Reached XP level 3. HP: 25/33 MP: 3/3
   728 | D:1      | You fall into a shaft and drop 1 floor!
  1091 | D:2      | Reached XP level 4. HP: 39/41 MP: 4/4
  1233 | D:2      | Found an ornate altar of the Wu Jian Council.
  1529 | D:3      | Noticed Sigmund
  1563 | D:3      | Killed Sigmund
  1564 | D:3      | Reached skill level 5 in Fighting
  1564 | D:3      | Reached skill level 5 in Axes
  1564 | D:3      | Reached XP level 5. HP: 16/48 MP: 5/5
  1564 | D:3      | Reached XP level 6. HP: 19/56 MP: 6/6
  1776 | D:3      | Became a worshipper of Beogh the Brigand
  1795 | D:3      | Reached skill level 5 in Shields
  2099 | D:3      | Found a glowing drain.
  2112 | Sewer    | Entered a sewer
  2130 | Sewer    | Noticed Pargi
  2135 | Sewer    | Killed Pargi
  2223 | Sewer    | Reached XP level 7. HP: 63/63 MP: 7/7
  2253 | Sewer    | Reached * piety under Beogh
  2551 | D:3      | Found a broken altar of Ashenzari.
  3145 | D:4      | Found a runed translucent door.
  3146 | D:4      | Noticed Crazy Yiuf
  3166 | D:4      | Killed Crazy Yiuf
  3485 | D:4      | Found Hiqenuq's Assorted Antiques.
  3511 | D:4      | Bought a pearl ring for 130 gold pieces
  3518 | D:4      | Noticed Dowan
  3521 | D:4      | Noticed Duvessa
  3527 | D:4      | HP: 2/64 [Duvessa/+0 short sword (8)]
  3528 | D:4      | Slain by Duvessa

Illustrated notes

Levels and vault maps discovered:
D:1:      amcnicky_arrival_abandoned_market, layout_loops_cross, minivault_4,
          dreamdust_mushroom_princess
D:2:      minmay_roachtagon, layout_basic, basic_altar
D:3:      layout_loops_ring, mainiacjoe_overflow_tiny_flanked,
          gup_sewer_entry_pipe, kennysheep_cross_bottleneck, uniq_sigmund
D:4:      layout_basic, serial_shops, nicolae_shop_window_shopping,
          minmay_a_box_with_orc_wizards_in_it, uniq_crazy_yiuf_cottage,
          uniq_duvessa

Skill      XL: |  1  2  3  4  5  6  7 |
---------------+----------------------+-----
Axes           | 3 5 6 |  6.3
Fighting       | 4 5 6 |  6.5
Shields        | 4 5 |  5.8
Armour         | |  3.4

Action                     |  1- 3 |  4- 6 |  7- 9 || total
---------------------------+-------+-------+-------++-------
  Melee: War axe           |    87 |   142 |    74 ||   303
         Unarmed           |       |       |     7 ||     7
 Invoke: Convert to Beogh  |       |     1 |       ||     1
  Evoke: Wand              |       |     1 |     1 ||     2
    Use: Scroll            |       |     2 |     7 ||     9
   Stab: Paralysed         |       |     3 |       ||     3
 Armour: Scale mail        |    45 |     2 |       ||    47
         Plate armour      |       |   101 |    45 ||   146
  Dodge: Dodged            |    35 |    31 |    23 ||    89
  Block: Buckler           |    28 |    27 |    18 ||    73
